TOP OF THE 1ST |
Plymouth Rocks batting - Pitching for New Orleans Looters : RHP Chris Martin
|
Pitching: RHP Chris Martin
|
|
Batting: LHB Roberto García
|
0-0: Ball 1-0: Called Strike 1-1: Ball 2-1: Foul Ball, location: 2F 2-2: Foul Ball, location: 2F 2-2: Foul Ball, location: 2F 2-2: Foul Ball, location: 2F 2-2: SINGLE (Line Drive, 8LS)
|
Batting: LHB Roy Patrick
|
0-0: Ball 1-0: Swinging Strike 1-1: Ball 2-1: Foul Ball, location: 2F 2-2: Strikes out swinging
|
Batting: RHB Andrés Lara
|
0-0: Called Strike 0-1: Swinging Strike 0-2: Ball 1-2: Fly out, F3 (Line Drive, 3S) Lined into DP, U3 (Line Drive, 3S)
|
Top of the 1st over - 0 run(s), 1 hit(s), 0 error(s), 0 left on base; Plymouth 0 - New Orleans 0 |
BOTTOM OF THE 1ST |
New Orleans Looters batting - Pitching for Plymouth Rocks : RHP José Martínez
|
Pitching: RHP José Martínez
|
|
Batting: SHB Arturo Sánchez
|
0-0: Ball 1-0: Ground out 6-3 (Groundball, 6)
|
Batting: RHB Dave O'Loan
|
0-0: Called Strike 0-1: Ball 1-1: Fly out, F1 (Popup, P)
|
Batting: RHB Stephen Shaw
|
0-0: Ball 1-0: Ball 2-0: Foul Ball, location: 2F 2-1: Foul Ball, location: 2F 2-2: Ball 3-2: Fly out, F9 (Flyball, 9LS)
|
Bottom of the 1st over - 0 run(s), 0 hit(s), 0 error(s), 0 left on base; Plymouth 0 - New Orleans 0 |
TOP OF THE 2ND |
Plymouth Rocks batting - Pitching for New Orleans Looters : RHP Chris Martin
|
Batting: LHB Barrett Waters
|
0-0: Swinging Strike 0-1: Ball 1-1: SINGLE (Flyball, 7S)
|
Batting: LHB Roger Moore
|
0-0: Fly out, F7 (Flyball, 7S)
|
Batting: SHB Víctor Serrano
|
0-0: Ball 1-0: Foul Ball, location: 2F 1-1: Swinging Strike 1-2: Foul Ball, location: 2F 1-2: Ball 2-2: Foul Ball, location: 2F 2-2: Ball 3-2: Ground out 1-3 (Groundball, P) Barrett Waters to second
|
Batting: RHB Taylor McFarland
|
0-0: Ball 1-0: Called Strike 1-1: Ball 2-1: Ball 3-1: Ground out 6-3 (Groundball, 6)
|
Top of the 2nd over - 0 run(s), 1 hit(s), 0 error(s), 1 left on base; Plymouth 0 - New Orleans 0 |
BOTTOM OF THE 2ND |
New Orleans Looters batting - Pitching for Plymouth Rocks : RHP José Martínez
|
Batting: LHB Seung-chun Mun
|
0-0: Ball 1-0: Swinging Strike 1-1: Ground out 6-3 (Groundball, 6)
|
Batting: SHB Oliver Deleón
|
0-0: Ball 1-0: Foul Ball, location: 2F 1-1: Ball 2-1: Foul Ball, location: 2F 2-2: Ball 3-2: Ground out 4-3 (Groundball, 4MS)
|
Batting: RHB Francisco Ibarra
|
0-0: TRIPLE (Line Drive, 9LM)
|
Batting: SHB Nate Rhodes
|
0-0: Called Strike 0-1: Swinging Strike 0-2: Ball 1-2: Ball 2-2: Foul Ball, location: 2F 2-2: Foul Ball, location: 2F 2-2: Ground out 6-3 (Groundball, 6D)
|
Bottom of the 2nd over - 0 run(s), 1 hit(s), 0 error(s), 1 left on base; Plymouth 0 - New Orleans 0 |
TOP OF THE 3RD |
Plymouth Rocks batting - Pitching for New Orleans Looters : RHP Chris Martin
|
Batting: RHB António Gonzáles
|
0-0: Ball 1-0: Foul Ball, location: 2F 1-1: SINGLE (Groundball, 56D)
|
Batting: RHB Luis Sánchez
|
0-0: Ball 1-0: Foul Ball, location: 2F 1-1: Fly out, F8 (Flyball, 78M)
|
Batting: LHB Roberto García
|
0-0: Called Strike 0-1: Ball 1-1: Called Strike 1-2: Foul Ball, location: 2F 1-2: Ball 2-2: Ball 3-2: Grounds into double play, 4-6-3 (Groundball, 4)
|
Top of the 3rd over - 0 run(s), 1 hit(s), 0 error(s), 0 left on base; Plymouth 0 - New Orleans 0 |
BOTTOM OF THE 3RD |
New Orleans Looters batting - Pitching for Plymouth Rocks : RHP José Martínez
|
Batting: LHB Taylor Smith
|
0-0: Called Strike 0-1: Ball 1-1: Called Strike 1-2: Fly out, F7 (Flyball, 7D)
|
Batting: RHB John Anderson
|
0-0: Ground out 6-3 (Groundball, 56)
|
Batting: SHB Arturo Sánchez
|
0-0: Ground out 6-3 (Groundball, 6)
|
Bottom of the 3rd over - 0 run(s), 0 hit(s), 0 error(s), 0 left on base; Plymouth 0 - New Orleans 0 |
TOP OF THE 4TH |
Plymouth Rocks batting - Pitching for New Orleans Looters : RHP Chris Martin
|
Batting: LHB Roy Patrick
|
0-0: Ball 1-0: Called Strike 1-1: Foul Ball, location: 2F 1-2: Strikes out looking
|
Batting: RHB Andrés Lara
|
0-0: Ground out 4-3 (Groundball, 34)
|
Batting: LHB Barrett Waters
|
0-0: Foul Ball, location: 2F 0-1: Ball 1-1: Swinging Strike 1-2: Ball 2-2: Ball 3-2: SINGLE (Groundball, 34D)
|
Batting: LHB Roger Moore
|
0-0: Swinging Strike 0-1: Swinging Strike 0-2: Strikes out swinging
|
Top of the 4th over - 0 run(s), 1 hit(s), 0 error(s), 1 left on base; Plymouth 0 - New Orleans 0 |
BOTTOM OF THE 4TH |
New Orleans Looters batting - Pitching for Plymouth Rocks : RHP José Martínez
|
Batting: RHB Dave O'Loan
|
0-0: DOUBLE (Line Drive, 7LM)
|
Batting: RHB Stephen Shaw
|
0-0: Ball 1-0: Called Strike 1-1: Ball 2-1: Fly out, F7 (Line Drive, 7)
|
Batting: LHB Seung-chun Mun
|
0-0: Ball 1-0: Ball 2-0: Foul Ball, location: 2F 2-1: Foul Ball, location: 2F 2-2: Ball 3-2: Foul Ball, location: 2F 3-2: Ground out U3 (Groundball, 3) Dave O'Loan to third
|
Batting: SHB Oliver Deleón
|
0-0: Called Strike 0-1: Ball 1-1: Called Strike 1-2: Ball 2-2: Ball 3-2: 2-RUN HOME RUN (Flyball, 9D), Distance : 384 ft
|
Batting: RHB Francisco Ibarra
|
0-0: Ball 1-0: Foul Ball, location: 2F 1-1: Ball 2-1: Ball 3-1: Foul Ball, location: 2F 3-2: Fly out, F4 (Flyball, 34D)
|
Bottom of the 4th over - 2 run(s), 2 hit(s), 0 error(s), 0 left on base; Plymouth 0 - New Orleans 2 |
TOP OF THE 5TH |
Plymouth Rocks batting - Pitching for New Orleans Looters : RHP Chris Martin
|
Batting: SHB Víctor Serrano
|
0-0: Swinging Strike 0-1: Ball 1-1: Foul Ball, location: 2F 1-2: Fly out, F8 (Flyball, 78D)
|
Batting: RHB Taylor McFarland
|
0-0: Ball 1-0: Foul Ball, location: 2F 1-1: SINGLE (Groundball, 6D)
|
Batting: RHB António Gonzáles
|
0-0: Called Strike 0-1: Swinging Strike 0-2: Ball 1-2: Ball 2-2: Fly out, F7 (Flyball, 78M)
|
Batting: RHB Luis Sánchez
|
0-0: Called Strike 0-1: Fly out, F1 (Line Drive, 13)
|
Top of the 5th over - 0 run(s), 1 hit(s), 0 error(s), 1 left on base; Plymouth 0 - New Orleans 2 |
BOTTOM OF THE 5TH |
New Orleans Looters batting - Pitching for Plymouth Rocks : RHP José Martínez
|
Batting: SHB Nate Rhodes
|
0-0: Foul Ball, location: 2F 0-1: Swinging Strike 0-2: Ball 1-2: Fly out, F7 (Line Drive, 7)
|
Batting: LHB Taylor Smith
|
0-0: Ball 1-0: Called Strike 1-1: Ball 2-1: Foul Ball, location: 2F 2-2: Ball 3-2: Strikes out swinging
|
Batting: RHB John Anderson
|
0-0: Ball 1-0: Called Strike 1-1: Foul Ball, location: 2F 1-2: Ball 2-2: Foul Ball, location: 2F 2-2: Fly out, F8 (Flyball, 8LS)
|
Bottom of the 5th over - 0 run(s), 0 hit(s), 0 error(s), 0 left on base; Plymouth 0 - New Orleans 2 |
TOP OF THE 6TH |
Plymouth Rocks batting - Pitching for New Orleans Looters : RHP Chris Martin
|
Batting: LHB Roberto García
|
0-0: Swinging Strike 0-1: Fly out, F8 (Line Drive, 8LD)
|
Batting: LHB Roy Patrick
|
0-0: Called Strike 0-1: Foul Ball, location: 2F 0-2: SINGLE (Groundball, 6MD)
|
Batting: RHB Andrés Lara
|
0-0: Swinging Strike 0-1: Fly out, F4 (Popup, 34D)
|
Batting: LHB Barrett Waters
|
0-0: Called Strike 0-1: Ball 1-1: Called Strike 1-2: Ball 2-2: Foul Ball, location: 2F 2-2: SINGLE (Groundball, 34D) Roy Patrick to second Runner from 2nd tries for 3rd, SAFE, throw made to third
|
Batting: LHB Roger Moore
|
0-0: Ball 1-0: Fly out, F9 (Flyball, 89D)
|
Top of the 6th over - 0 run(s), 2 hit(s), 0 error(s), 2 left on base; Plymouth 0 - New Orleans 2 |
BOTTOM OF THE 6TH |
New Orleans Looters batting - Pitching for Plymouth Rocks : RHP José Martínez
|
Batting: SHB Arturo Sánchez
|
0-0: Swinging Strike 0-1: Foul Ball, location: 2F 0-2: Strikes out looking
|
Batting: RHB Dave O'Loan
|
0-0: Ball 1-0: Called Strike 1-1: Called Strike 1-2: Fly out, F7 (Flyball, 7D)
|
Batting: RHB Stephen Shaw
|
0-0: Called Strike 0-1: Fly out, F7 (Flyball, 7)
|
Bottom of the 6th over - 0 run(s), 0 hit(s), 0 error(s), 0 left on base; Plymouth 0 - New Orleans 2 |
TOP OF THE 7TH |
Plymouth Rocks batting - Pitching for New Orleans Looters : RHP Chris Martin
|
Batting: SHB Víctor Serrano
|
0-0: Called Strike 0-1: Foul Ball, location: 2F 0-2: Ground out 6-3 (Groundball, 6)
|
Batting: RHB Taylor McFarland
|
0-0: Swinging Strike 0-1: Ball 1-1: Ball 2-1: Foul Ball, location: 2F 2-2: Ground out 5-3 (Groundball, 5)
|
Batting: RHB António Gonzáles
|
0-0: Ball 1-0: SINGLE (Line Drive, 6M)
|
Batting: RHB Luis Sánchez
|
0-0: Foul Ball, location: 2F 0-1: Ball 1-1: Foul Ball, location: 2F 1-2: Fly out, F7 (Flyball, 7)
|
Top of the 7th over - 0 run(s), 1 hit(s), 0 error(s), 1 left on base; Plymouth 0 - New Orleans 2 |
BOTTOM OF THE 7TH |
New Orleans Looters batting - Pitching for Plymouth Rocks : RHP José Martínez
|
Batting: LHB Seung-chun Mun
|
0-0: Called Strike 0-1: Foul Ball, location: 2F 0-2: Ball 1-2: Foul Ball, location: 2F 1-2: Ball 2-2: SINGLE (Line Drive, 4D)
|
Batting: SHB Oliver Deleón
|
0-0: Ball 1-0: Ball 2-0: Called Strike 2-1: Ball 3-1: Base on Balls Seung-chun Mun to second
|
Pitching: LHP Manuel Parra
|
|
Batting: RHB Francisco Ibarra
|
0-0: Foul Ball, location: 2F 0-1: Fly out, F7 (Flyball, 7)
|
Pinch Hitting: RHB Rubén Vázquez
|
0-0: Swinging Strike 0-1: Ball 1-1: Foul Ball, location: 2F 1-2: Foul Ball, location: 2F 1-2: Ball 2-2: Ball 3-2: Base on Balls Seung-chun Mun to third Oliver Deleón to second
|
Batting: LHB Taylor Smith
|
0-0: Ball 1-0: Grounds into fielders choice 3-2 (Groundball, 3S) Oliver Deleón to third Rubén Vázquez to second
|
Batting: RHB John Anderson
|
0-0: Foul Ball, location: 2F 0-1: Ball 1-1: Ball 2-1: Foul Ball, location: 2F 2-2: DOUBLE (Line Drive, 89D) Oliver Deleón scores Rubén Vázquez scores Taylor Smith to third Runner from 3rd tries for Home, throw and OUT!
|
Bottom of the 7th over - 2 run(s), 2 hit(s), 0 error(s), 1 left on base; Plymouth 0 - New Orleans 4 |
TOP OF THE 8TH |
Plymouth Rocks batting - Pitching for New Orleans Looters : RHP Chris Martin
|
Now in RF: Rubén Vázquez
|
|
Batting: LHB Roberto García
|
0-0: Called Strike 0-1: Ball 1-1: Swinging Strike 1-2: Ball 2-2: Fly out, F7 (Flyball, 7D)
|
Batting: LHB Roy Patrick
|
0-0: Called Strike 0-1: Ground out 1-3 (Groundball, 13S)
|
Batting: RHB Andrés Lara
|
0-0: Foul Ball, location: 2F 0-1: Foul Ball, location: 2F 0-2: Fly out, F4 (Line Drive, 4M)
|
Top of the 8th over - 0 run(s), 0 hit(s), 0 error(s), 0 left on base; Plymouth 0 - New Orleans 4 |
BOTTOM OF THE 8TH |
New Orleans Looters batting - Pitching for Plymouth Rocks : LHP Manuel Parra
|
Batting: SHB Arturo Sánchez
|
0-0: Ball 1-0: Ball 2-0: Ground out 4-3 (Groundball, 4)
|
Batting: RHB Dave O'Loan
|
0-0: Ball 1-0: Called Strike 1-1: SINGLE (Groundball, 6MD)
|
Batting: RHB Stephen Shaw
|
0-0: Ball 1-0: Called Strike 1-1: Called Strike 1-2: Fly out, F7 (Flyball, 7S)
|
Batting: LHB Seung-chun Mun
|
0-0: Fly out, F8 (Flyball, 8LM)
|
Bottom of the 8th over - 0 run(s), 1 hit(s), 0 error(s), 1 left on base; Plymouth 0 - New Orleans 4 |
TOP OF THE 9TH |
Plymouth Rocks batting - Pitching for New Orleans Looters : RHP Chris Martin
|
Pitching: LHP Juan Méndez
|
|
Batting: LHB Barrett Waters
|
0-0: Called Strike 0-1: Called Strike 0-2: Foul Ball, location: 2F 0-2: Ground out 5-3 (Groundball, 56)
|
Batting: LHB Roger Moore
|
0-0: Swinging Strike 0-1: Fly out, F9 (Flyball, 9LS)
|
Batting: SHB Víctor Serrano
|
0-0: Ball 1-0: Ball 2-0: Called Strike 2-1: Ball 3-1: Called Strike 3-2: Base on Balls
|
Batting: RHB Taylor McFarland
|
0-0: Ball 1-0: Foul Ball, location: 2F 1-1: Ball 2-1: Swinging Strike 2-2: Ball 3-2: SINGLE (Flyball, 7LM) Víctor Serrano to second Víctor Serrano to third
|
Batting: RHB António Gonzáles
|
0-0: Ball 1-0: Called Strike 1-1: Fielders Choice at 2nd, 6-4 (Groundball, 6)
|
Top of the 9th over - 0 run(s), 1 hit(s), 0 error(s), 1 left on base; Plymouth 0 - New Orleans 4 |
|